Unix NetHack Version 5.0.0-0 post-release - last build Jun 10 2026 00:39:30 (3ee93aec679c4c4259841fe613dc97188e26a321,branch:main).

Game began 2026-06-28 13:18:33, ended 2026-06-28 15:22:52.

ARFwashere, neutral male human Tourist

                                                                ^
                                --                            --|---
                   -----   ##+ fj.|     ----------------      |.`..|
                   |...|   #  O$$.g@    |..............|     #.....|
                   |...|####   ----#    |..............|     #|>...|
                   |{...#          #    |..............|     #-.----
                   |...|           #   #...............|     # ########
                   ---.-           #   #-------------.--     #        #
                      #            #   ##          ###      ##        #
                      #            #    #          #       ##         #
   -----             ##            #    ##         #       #          ##
   |...|            ##           ###############   #       #     ------.--
   |...|         ---.---------   #--------#      ###       #     |.....^.|
   |....###      |...........|   #|......|#  #####         #     |.......|
   |...|  #######.[...`......|   #|......|#  #             #     |.......|
   |...| #       |............#%##|......-#  #             #     |.......|
   |...|         |...........|   #....---- --.-------------#    #-.......|
   -----         |...........|    |...|    |..............|#     |.......|
                 |...........|    |....####-......<...^...-#     ---------
                 -------------    -----    ----------------

ARFwashere the Peregrinator  St:25 Dx:11 Co:16 In:12 Wi:11 Ch:18  Neutral
Dlvl:13 $:232 HP:0(88) Pw:36(36) AC:-6 Xp:11 T:12537  Satiated Burdened

Latest messages:
 You have a little trouble lifting p - 2 +0 darts (at the ready) (20 in total).
 You hit the fog cloud!
 You destroy the fog cloud!
 Step into that vapor cloud? [yn] (n) y
 What do you want to use or apply? [eikluJLOS or ?*] l
 Your lamp is now on.
 Welcome to David's treasure zoo!
 What do you want to zap? [eLO or ?*] ?
 What do you want to zap? [eLO or ?*] <enter>
 Never mind.
 What do you want to use or apply? [eikluJLOS or ?*] ?
 In what direction? h
 The flash awakens the gargoyle.
 The gargoyle hits!
 The gargoyle hits again!
 The gargoyle misses!
 You hit the gargoyle!
 The gargoyle hits!
 The gargoyle hits again!
 The gargoyle misses!
 You miss the gargoyle.
 The gargoyle hits!
 The gargoyle hits again!
 The gargoyle misses!
 The gargoyle hits!
 The gargoyle just misses!
 The gargoyle bites!
 You miss the gargoyle.
 The gargoyle misses!
 The gargoyle hits!
 The gargoyle bites!
 You hit the gargoyle!
 The gargoyle hits!
 The gargoyle hits again!
 The gargoyle bites!
 You miss the gargoyle.
 The gargoyle hits!
 The gargoyle hits again!
 The gargoyle bites!
 The gargoyle hits!
 The gargoyle hits again!
 The gargoyle bites!
 You miss the gargoyle.
 The gargoyle hits!
 You die...
 Do you want your possessions identified? [ynq] (y) y
 Do you want to see your attributes? [ynq] (y) y
 Do you want an account of creatures vanquished? [ynaq] (y) y
 Do you want to see your conduct and achievements? [ynq] (y) y
 Do you want to see the dungeon overview? [ynq] (y) y

Inventory:
 Coins    ('$')
  $ - 232 gold pieces
 Amulets  ('"')
  Y - an uncursed amulet of ESP (being worn)
 Weapons  (')')
  U - 3 +0 arrows
  p - 20 +0 darts (at the ready)
  G - a cursed -1 dart
  H - 2 poisoned +0 darts
  a - a +3 silver saber named slasho (weapon in right hand)
 Armor    ('[')
  t - a blessed +1 orcish helm (being worn)
  F - an uncursed +0 pair of gauntlets of power (being worn)
  I - an uncursed +0 pair of high boots (being worn)
  n - an uncursed +1 elven shield (being worn)
  D - an uncursed +1 elven cloak (being worn)
  j - an uncursed +0 Hawaiian shirt with a hula dancer motif (being worn)
  P - a blessed +1 elven mithril-coat (being worn)
 Comestibles  ('%')
  Z - 2 uncursed slime molds
  E - an uncursed cram ration
  b - an uncursed food ration
  K - an uncursed pear
  c - 2 uncursed tripe rations
  g - an uncursed lizard corpse
 Scrolls  ('?')
  v - an uncursed scroll of enchant armor
  s - a cursed scroll of gold detection
  w - an uncursed scroll of identify
  r - an uncursed scroll of light
  T - an uncursed scroll of teleportation
  z - a cursed scroll of teleportation
 Potions  ('!')
  d - a blessed potion of gain energy
  x - a blessed potion of polymorph
  y - an uncursed potion of speed
 Rings    ('=')
  R - a cursed -2 ring of increase accuracy
  N - an uncursed ring of searching
 Wands    ('/')
  L - a wand of digging (0:3)
  O - a wand of locking (0:3)
  e - a wand of teleportation (0:7)
 Tools    ('(')
  i - an uncursed bag of holding containing 39 items
  J - an empty uncursed sack
  S - an expensive camera (0:87)
  l - an uncursed oil lamp (lit)
  k - an uncursed skeleton key
  u - a +0 unicorn horn
 Gems/Stones  ('*')
  A - an uncursed jacinth stone

Contents of the bag of holding:
  3464 gold pieces
  26 +2 darts
  an uncursed +0 cloak of invisibility
  10 uncursed food rations
  an uncursed lembas wafer
  4 uncursed oranges
  an uncursed pancake
  an uncursed pear
  3 uncursed tripe rations
  an uncursed lizard corpse
  a cursed scroll of create monster
  an uncursed scroll of earth
  an uncursed scroll of enchant weapon
  a cursed scroll of enchant weapon
  a blessed scroll of fire
  a blessed scroll of magic mapping
  3 uncursed scrolls of magic mapping
  a cursed scroll of taming
  a blessed scroll of teleportation
  2 uncursed scrolls of teleportation
  an uncursed potion of blindness
  a blessed potion of extra healing
  an uncursed potion of extra healing
  2 uncursed potions of gain ability
  2 uncursed potions of gain energy
  an uncursed potion of gain level
  an uncursed potion of levitation
  2 uncursed potions of monster detection
  an uncursed potion of paralysis
  2 uncursed potions of see invisible
  an uncursed potion of sleeping
  an uncursed potion of speed
  an uncursed potion of water
  a blessed +1 ring of gain constitution
  a wand of digging (0:8)
  a wand of make invisible (0:6)
  a wand of speed monster (0:6)
  an uncursed leather drum
  an uncursed magic whistle

ARFwashere the Tourist's attributes:

Background:
 You were a Peregrinator, a level 11 male human Tourist.
 You were neutral, on a mission for The Lady
 who was opposed by Blind Io (lawful) and Offler (chaotic).
 You were right-handed.
 You were in the Dungeons of Doom, on level 13.
 You entered the dungeon 12537 turns ago.
 You had 11587 experience points, 8413 more were needed to attain level 12.

Basics:
 You had 0 out of 88 hit points.
 You had all 36 energy points (spell power).
 Your armor class was -6.
 Your wallet contained 232 zorkmids, and
 you had 3464 more stashed away in your pack.
 Autopickup was on for '$' plus thrown.

Final Characteristics:
 Your strength was 25 (base:4, peak:11, innate limit:18/100).
 Your dexterity was 11 (limit:18).
 Your constitution was 16 (limit:18).
 Your intelligence was 12 (limit:18).
 Your wisdom was 11 (limit:18).
 Your charisma was 18 (limit:18).

Final Status:
 You were satiated.
 You were burdened; movement was slightly slowed.
 You were wielding a saber.
 You were skilled in saber.

Final Attributes:
 You were piously aligned.
 You were fire resistant.
 You were sleep resistant.
 You were poison resistant.
 You were telepathic.
 You had automatic searching.
 You were stealthy.
 You were guarded.
 You are dead.

Miscellaneous:
 You didn't encounter any bones levels.
 Total elapsed playing time was 2 hours, 4 minutes and 19 seconds.

Major events:
 Turn
    1: ARFwashere the neutral male human Tourist entered the dungeon
 1460: entered the Gnomish Mines
 1587: attained the rank of Sightseer (level 3)
 2745: attained the rank of Excursionist (level 6)
 3423: reached Mine Town
 7032: entered Sokoban
 8503: attained the rank of Peregrinator (level 10)
 9378: entered Home 1, the Quest
12537: killed by a gargoyle

You didn't know any spells.

Skills:
 Fighting Skills
   bare handed combat [Unskilled]
   two weapon combat  [Unskilled]
   riding             [Unskilled]
 Weapon Skills
   dagger             [Unskilled]
   knife              [Unskilled]
   axe                [Unskilled]
   pick-axe           [Unskilled]
   short sword        [Unskilled]
   broadsword         [Unskilled]
   long sword         [Unskilled]
   two-handed sword   [Unskilled]
   saber              [Skilled]
   mace               [Unskilled]
   morning star       [Unskilled]
   flail              [Unskilled]
   hammer             [Unskilled]
   quarterstaff       [Unskilled]
   polearms           [Unskilled]
   spear              [Unskilled]
   trident            [Unskilled]
   lance              [Unskilled]
   bow                [Unskilled]
   sling              [Unskilled]
   crossbow           [Unskilled]
   dart               [Skilled]
   shuriken           [Unskilled]
   boomerang          [Unskilled]
   whip               [Unskilled]
   unicorn horn       [Unskilled]
 Spellcasting Skills
   divination spells  [Unskilled]
   enchantment spells [Unskilled]
   escape spells      [Unskilled]

Voluntary challenges:
 Character rerolling was not enabled.
 You never genocided any monsters.
 You never polymorphed an object.
 You never changed form.
 You used no wishes.
 You did not violate any of the special Sokoban rules.
Achievements:
 You entered a shop.
 You entered the Gnomish Mines.
 You attained the rank of Sightseer.
 You attained the rank of Excursionist.
 You entered Minetown.
 You entered a temple.
 You entered Sokoban.
 You attained the rank of Peregrinator.

 The Dungeons of Doom: levels 1 to 16
    Level 1:
    Level 2:
    Level 3:
       An armor shop.
       Stairs down to The Gnomish Mines.
    Level 4:
       A fountain.
    Level 5: "Stash chest"
       A grave.
    Level 6:
       A general store, an altar to The Lady.
    Level 7:
       Many fountains.
    Level 8:
       A fountain.
       Stairs up to Sokoban, level 7.
    Level 9:
       A general store, a fountain, a sink, a grave.
    Level 10:
       A grave.
    Level 11:
       A temple and an altar.
    Level 12:
       A fountain.
    Level 13: <- You were here.
       A fountain.
       Summoned by Twoflower.
       Portal to The Quest.
       Final resting place for
          you, killed by a gargoyle.
    Level 14:
       Some fountains.
    Level 15:
       A grave.
    Level 16:
       A grave.
 The Gnomish Mines: levels 4 to 7
    Level 4:
    Level 5:
    Level 6:
    Level 7:
       Many shops, a temple and an altar, many fountains.
 The Quest:
    Level 1:
       Home.
 Sokoban:
    Level 7:
       Unsolved.


Vanquished creatures:
  a lurker above
  a large mimic
  a wumpus
  a giant zombie
  a warhorse
  2 xans
  a quantum mechanic
  a gelatinous cube
  a pyrolisk
  a shocking sphere
  2 tigers
  a dwarf ruler
  a tengu
  2 ochre jellies
  4 leocrottas
  a mountain centaur
  a pit viper
  a cobra
  a wraith
 an ettin zombie
  a soldier
 an amorous demon
  2 chameleons
  5 cockatrices
  6 wolves
  a lynx
  a gremlin
 13 leprechauns
  2 giant spiders
  2 vampire bats
  a forest centaur
  2 gnome rulers
  a dwarf mummy
 an owlbear
  a yeti
  5 lizards
  2 chickatrices
  a dingo
  a jaguar
  a dwarf leader
  a black unicorn
  2 dust vortices
  3 snakes
  2 water moccasins
  2 apes
  3 human zombies
  3 Woodland-elves
  4 soldier ants
 27 fire ants
  a bugbear
 an imp
  a quasit
  2 water nymphs
  a mountain nymph
 an orc shaman
  2 rock piercers
  a rock mole
  2 fog clouds
  2 yellow lights
 11 gnome leaders
  2 gnomish wizards
  2 kobold mummies
  a barrow wight
  3 elf zombies
  a straw golem
 10 giant ants
  6 floating eyes
 13 dwarves
  2 homunculi
 10 hill orcs
 14 rothes
  a rabid rat
  3 centipedes
  a giant bat
  2 dwarf zombies
  a werejackal
  4 iguanas
  a killer bee
 an acid blob
  2 coyotes
  a gas spore
  2 hobbits
  4 hobgoblins
  6 giant rats
  a brown mold
  3 green molds
 27 gnomes
  2 gnome zombies
  4 geckos
  a jackal
  a fox
  4 kobolds
  4 goblins
  5 grid bugs
  a bat
  4 lichens
  6 newts
304 creatures vanquished.

No species were genocided or became extinct.

Game over:
                       ----------
                      /          \
                     /    REST    \
                    /      IN      \
                   /     PEACE      \
                  /                  \
                  |    ARFwashere    |
                  |     3696 Au      |
                  |   killed by a    |
                  |     gargoyle     |
                  |                  |
                  |                  |
                  |       2026       |
                 *|     *  *  *      | *
        _________)/\\_//(\/(/\)/\//\/|_)_______

Aloha ARFwashere the Tourist...

You died in The Dungeons of Doom on dungeon level 13 with 41465 points,
and 3696 pieces of gold, after 12537 moves.
You were level 11 with a maximum of 88 hit points when you died.

